 Dungeon Crawl Stone Soup version 0.24.0-125-gc4c63601f3 (webtiles) character file.

Game seed: 13833920027151449794, levelgen mode: deterministic

128 GreyFruit the Chopper (level 5, 0/46 HPs)
             Began as a Hill Orc Monk on Feb 25, 2020.
             Slain by a killer bee (7 damage)
             ... on level 3 of the Dungeon.
             The game lasted 00:05:14 (2909 turns).

GreyFruit the Chopper (Hill Orc Monk)               Turns: 2909, Time: 00:05:15

Health: 0/46       AC:  8    Str: 13 (15) XL:     5   Next: 11%
Magic:  5/5        EV: 11    Int: 14 (15) God:
Gold:   83         SH:  4    Dex: 18 (19) Spells: 4/4 levels left

rFire    . . .     SeeInvis .   a - +1 hand axe
rCold    . . .     Gourm    .   n - +0 buckler
rNeg     . . .     Faith    .   m - +0 ring mail
rPois    .         Spirit   .   (no helmet)
rElec    .         Reflect  .   (no cloak)
rCorr    .         Harm     .   l - +0 pair of gloves
MR       .....                  (no boots)
Stlth    +.........             (no amulet)
HPRegen  0.15/turn              j - +6 ring of dexterity
MPRegen  0.09/turn              (no ring)

@: brilliant, lethally poisoned (0 -> -21), very slightly contaminated
A: slimy green scales 1, sense surroundings 1
a: no special abilities


You were on level 3 of the Dungeon.
You were not hungry.

You visited 1 branch of the dungeon, and saw 3 of its levels.

You collected 83 gold pieces.

Inventory:

Hand Weapons
 a - a +1 hand axe (weapon)
Armour
 b - a +0 robe
 k - a +0 leather armour
 l - a +0 pair of gloves (worn)
 m - a +0 ring mail (worn)
 n - a +0 buckler (worn)
Jewellery
 j - a +6 ring of dexterity (left hand)
Scrolls
 d - 3 scrolls of identify
 e - 2 scrolls of enchant armour
 f - a scroll of remove curse
 t - 2 scrolls of enchant weapon
Potions
 q - a potion of brilliance
Comestibles
 c - 3 rations
 h - 2 chunks of flesh


   Skills:
 + Level 4.1 Fighting
 + Level 5.6 Axes
 + Level 1.4 Armour
 + Level 3.0 Dodging
 - Level 1.7 Stealth
 * Level 1.5 Shields


You had 4 spell levels left.
You didn't know any spells.
Your spell library was empty.

Dungeon Overview and Level Annotations

Branches:
Dungeon (3/15)

Altars:
Fedhas
Uskayaw


Innate Abilities, Weirdness & Mutations

You are partially covered in slimy green scales. (AC +2)
You passively map a small area around you.


Message History

The killer bee stings you but does no damage. x2
You're too confused to attack without stumbling around!
You completely miss the killer bee.
* * * LOW HITPOINT WARNING * * *
You feel sick.
The killer bee buzzes angrily.
The killer bee misses you. x2
* * * LOW HITPOINT WARNING * * *
You feel sick. The killer bee stings you.
* * * LOW HITPOINT WARNING * * *
The killer bee barely misses you.
You're too confused to move!
You feel less invigorated.
You feel less confused.
* * * LOW HITPOINT WARNING * * *
You feel sick. The killer bee stings you.
* * * LOW HITPOINT WARNING * * *
You are more poisoned.
The killer bee poisons you! The killer bee closely misses you.
The killer bee stings you!
You die...

#...........# *
#..#######..# #.....#
#..# * * ###
#.#.#.####..# .. ..
#)..........# ......* #.#
#...#.####.## ##.....#
#.###..........#
#.......##..##...######.#
#..............y@# *
........#......y##
##............y.#
.......##.......# *
........รท....#......
............###.####
.......###..# #.#
..^....# #..# #.#
.....(.###..###.#


You could see 3 killer bees.

Vanquished Creatures
  A worker ant (D:2)
  3 adders
  A worm (D:2)
  A dart slug (D:1)
  A leopard gecko (D:3)
  3 ball pythons
  12 bats
  A giant cockroach (D:2)
  10 goblins
  9 hobgoblins
  8 jackals
  6 kobolds
  A quokka (D:3)
  2 frilled lizards
  8 rats
67 creatures vanquished.

Notes
Turn   | Place    | Note
-------+----------+-------------------------------------------
     0 | D:1      | GreyFruit the Hill Orc Monk began the quest for the Orb.
     0 | D:1      | Reached XP level 1. HP: 19/19 MP: 1/1
   357 | D:1      | Reached XP level 2. HP: 24/27 MP: 2/2
   959 | D:1      | Reached XP level 3. HP: 33/33 MP: 3/3
  1588 | D:2      | Reached skill level 5 in Axes
  1592 | D:2      | Reached XP level 4. HP: 16/40 MP: 4/4
  1999 | D:2      | Reached skill level 1 in Shields
  2298 | D:2      | Found a hide-covered altar of Uskayaw.
  2298 | D:2      | Found a blossoming altar of Fedhas.
  2402 | D:2      | Reached skill level 1 in Armour
  2748 | D:3      | Reached XP level 5. HP: 42/46 MP: 5/5
  2900 | D:3      | Gained mutation: You are partially covered in slimy green
                  | scales. (AC +2) [potion of mutation]
  2900 | D:3      | Gained mutation: You passively map a small area around you.
                  | [potion of mutation]
  2909 | D:3      | Slain by a killer bee

Levels and vault maps discovered:
D:1:      dpeg_cavernosity, layout_basic, minmay_close_crescents
D:2:      layout_loops_corners, gammafunk_temple_overflow_wave,
          minmay_heptomino_o4
D:3:      layout_loops_ring, overflow_temple_1_default

Skill      XL: |  1  2  3  4  5 |
---------------+----------------+-----
Fighting       | 4 |  4.1
Axes           | 5 |  5.6
Shields        | 1 |  1.5
Armour         | 1 |  1.4
Dodging        | 3 |  3.0
Stealth        | |  1.7

Action                   |  1- 3 |  4- 6 || total
-------------------------+-------+-------++-------
Melee: Hand axe          |   127 |    84 ||   211
  Use: Scroll            |       |     8 ||     8
       Potion            |       |     6 ||     6
 Stab: Sleeping          |     4 |     1 ||     5
  Eat: Chunk             |     2 |     4 ||     6
Armor: Robe              |     8 |       ||     8
       Leather armour    |     6 |       ||     6
       Ring mail         |    24 |    42 ||    66
Dodge: Dodged            |    90 |    77 ||   167
Block: Buckler           |     9 |    19 ||    28
